APP
DETROIT (APP) TIGERS @ SEATTLE (APP) MARINERS
09/16/2049
 
TOP OF THE 1ST
Detroit (APP) Tigers batting - Pitching for Seattle (APP) Mariners : LHP Ramiro Aguilar
Pitching: LHP Ramiro Aguilar
Batting: RHB Kevin Steed 0-0: Ground out 4-3 (Groundball, 4S, EV 69.4 MPH)
Batting: RHB Alex Duarte 0-0: Ground out 6-3 (Groundball, 6, EV 98.1 MPH)
Batting: RHB Nate Dabney 0-0: Ball
1-0: Foul Ball, location: 2F
1-1: Called Strike
1-2: Strikes out looking
Top of the 1st over - 0 runs, 0 hits, 0 errors, 0 left on base; Detroit (APP) 0 - Seattle (APP) 0
BOTTOM OF THE 1ST
Seattle (APP) Mariners batting - Pitching for Detroit (APP) Tigers : RHP Cam Hurley
Pitching: RHP Cam Hurley
Batting: RHB Carlton McDonald 0-0: Ball
1-0: Ball
2-0: Ball
3-0: Base on Balls
Batting: RHB Caleb Dean 0-0: Called Strike
0-1: Foul Ball, location: 2F
0-2: Strikes out looking
Batting: LHB William Gonzales 0-0: Ball
1-0: Ball
2-0: Ball
3-0: Called Strike
3-1: Base on Balls
Carlton McDonald to second
Batting: RHB Eddie Luna 0-0: Called Strike
0-1: Called Strike
0-2: Fly out, F9 (Flyball, 9, EV 89.4 MPH)
Batting: RHB Ziven Badersky 0-0: Called Strike
0-1: Ball
1-1: Fielders Choice at 2nd, 5-4 (Groundball, 56, EV 88.1 MPH)
Bottom of the 1st over - 0 runs, 0 hits, 0 errors, 2 left on base; Detroit (APP) 0 - Seattle (APP) 0
TOP OF THE 2ND
Detroit (APP) Tigers batting - Pitching for Seattle (APP) Mariners : LHP Ramiro Aguilar
Batting: RHB Jamie Villagrana 0-0: Ball
1-0: Ball
2-0: Ball
3-0: Called Strike
3-1: Base on Balls
Batting: RHB Jorge Lebron 0-0: Called Strike
0-1: Ball
1-1: Ball
2-1: Ball
3-1: Fly out, F1 (Line Drive, P, EV 74.4 MPH)
Lined into DP, 1-3 (Line Drive, P, EV 69.4 MPH)
Batting: RHB Willie Ochoa 0-0: Ball
1-0: Called Strike
1-1: Ball
2-1: Ball
3-1: Foul Ball, location: 2F
3-2: Ground out 4-3 (Groundball, 4, EV 76.2 MPH)
Top of the 2nd over - 0 runs, 0 hits, 0 errors, 0 left on base; Detroit (APP) 0 - Seattle (APP) 0
BOTTOM OF THE 2ND
Seattle (APP) Mariners batting - Pitching for Detroit (APP) Tigers : RHP Cam Hurley
Batting: RHB Victor Rosas 0-0: Ball
1-0: Ball
2-0: Foul Ball, location: 2F
2-1: Ball
3-1: Foul Ball, location: 2F
3-2: Base on Balls
Batting: RHB Steve Carmichael 0-0: Ball
1-0: Ball
2-0: Fly out, F9 (Flyball, 89M, EV 86.2 MPH)
Batting: LHB Garrett Dodge 0-0: Called Strike
0-1: Called Strike
0-2: Foul Ball, location: 2F
0-2: Fielders Choice at 2nd, 4-6 (Groundball, 4, EV 86.9 MPH)
Batting: LHB Ryan Daniels 0-0: Foul Ball, location: 2F
0-1: Called Strike
0-2: Strikes out swinging
Bottom of the 2nd over - 0 runs, 0 hits, 0 errors, 1 left on base; Detroit (APP) 0 - Seattle (APP) 0
TOP OF THE 3RD
Detroit (APP) Tigers batting - Pitching for Seattle (APP) Mariners : LHP Ramiro Aguilar
Batting: RHB Cody Kafer 0-0: Ball
1-0: Fly out, F4 (Popup, 34S, EV 72.5 MPH)
Batting: RHB Peter Jones 0-0: SOLO HOME RUN (Flyball, 78XD, EV 103.8 MPH), Distance : 406 ft
Batting: RHB Rick Brinkmann 0-0: Swinging Strike
0-1: Swinging Strike
0-2: Strikes out looking
Batting: RHB Kevin Steed 0-0: Foul Ball, location: 2F
0-1: Ball
1-1: Called Strike
1-2: Strikes out looking
Top of the 3rd over - 1 run, 1 hit, 0 errors, 0 left on base; Detroit (APP) 1 - Seattle (APP) 0
BOTTOM OF THE 3RD
Seattle (APP) Mariners batting - Pitching for Detroit (APP) Tigers : RHP Cam Hurley
Batting: RHB Carlton McDonald 0-0: Foul Ball, location: 2F
0-1: Called Strike
0-2: Ball
1-2: Strikes out swinging
Batting: RHB Caleb Dean 0-0: Called Strike
0-1: Ball
1-1: Ball
2-1: Called Strike
2-2: Foul Ball, location: 2F
2-2: Strikes out swinging
Batting: LHB William Gonzales 0-0: Ball
1-0: Fly out, F9 (Line Drive, 9, EV 98.1 MPH)
Bottom of the 3rd over - 0 runs, 0 hits, 0 errors, 0 left on base; Detroit (APP) 1 - Seattle (APP) 0
TOP OF THE 4TH
Detroit (APP) Tigers batting - Pitching for Seattle (APP) Mariners : LHP Ramiro Aguilar
Batting: RHB Alex Duarte 0-0: Ball
1-0: Foul Ball, location: 2F
1-1: Foul Ball, location: 2F
1-2: Strikes out swinging
Batting: RHB Nate Dabney 0-0: DOUBLE (Groundball, 5L, EV 99.4 MPH)
Batting: RHB Jamie Villagrana 0-0: Ball
1-0: Called Strike
1-1: Called Strike
1-2: Ball
2-2: Ball
3-2: SINGLE (Groundball, 6, EV 99.4 MPH)
Nate Dabney to third
Runner from 3rd tries for Home, SAFE, throw by CF to home
Batting: RHB Jorge Lebron Balk!
Jamie Villagrana to second
0-0: Ball
1-0: Ball
2-0: Called Strike
2-1: Ball
3-1: Base on Balls
Batting: RHB Willie Ochoa Pickoff Throw to Second - Out!
0-0: Called Strike
0-1: Ball
1-1: Ground out 4-3 (Groundball, 4, EV 84.4 MPH)
Top of the 4th over - 1 run, 2 hits, 0 errors, 1 left on base; Detroit (APP) 2 - Seattle (APP) 0
BOTTOM OF THE 4TH
Seattle (APP) Mariners batting - Pitching for Detroit (APP) Tigers : RHP Cam Hurley
Batting: RHB Eddie Luna 0-0: Ball
1-0: Foul Ball, location: 2F
1-1: Ball
2-1: Ball
3-1: Called Strike
3-2: Fly out, F8 (Flyball, 78XD, EV 103.8 MPH)
Batting: RHB Ziven Badersky 0-0: Foul Ball, location: 2F
0-1: Called Strike
0-2: Ball
1-2: Fly out, F9 (Line Drive, 89M, EV 107.5 MPH)
Batting: RHB Victor Rosas 0-0: Called Strike
0-1: Foul Ball, location: 2F
0-2: Ball
1-2: Ground out 4-3 (Groundball, 13, EV 84.4 MPH)
Bottom of the 4th over - 0 runs, 0 hits, 0 errors, 0 left on base; Detroit (APP) 2 - Seattle (APP) 0
TOP OF THE 5TH
Detroit (APP) Tigers batting - Pitching for Seattle (APP) Mariners : LHP Ramiro Aguilar
Batting: RHB Cody Kafer 0-0: Reached on error, E6 (Groundball, 6, EV 87.5 MPH)
Batting: RHB Peter Jones 0-0: Ball
1-0: Called Strike
1-1: Foul Ball, location: 2F
1-2: Foul Ball, location: 2F
1-2: Strikes out swinging
Batting: RHB Rick Brinkmann 0-0: Called Strike
0-1: Ball
Wild Pitch!
Cody Kafer to second
1-1: Called Strike
1-2: Ball
2-2: Strikes out swinging
Batting: RHB Kevin Steed 0-0: Called Strike
0-1: Swinging Strike
0-2: Fly out, F9 (Flyball, 9S, EV 93.1 MPH)
Top of the 5th over - 0 runs, 0 hits, 1 error, 1 left on base; Detroit (APP) 2 - Seattle (APP) 0
BOTTOM OF THE 5TH
Seattle (APP) Mariners batting - Pitching for Detroit (APP) Tigers : RHP Cam Hurley
Batting: RHB Steve Carmichael 0-0: Ball
1-0: Ball
2-0: Ball
3-0: Called Strike
3-1: Fly out, F8 (Flyball, 8RM, EV 76.2 MPH)
Batting: LHB Garrett Dodge 0-0: Foul Ball, location: 2F
0-1: Ball
1-1: Swinging Strike
1-2: Foul Ball, location: 2F
1-2: Ball
2-2: Ball
3-2: Foul Ball, location: 2F
3-2: Strikes out swinging
Batting: LHB Ryan Daniels 0-0: Called Strike
0-1: Ball
1-1: Swinging Strike
1-2: Strikes out swinging
Bottom of the 5th over - 0 runs, 0 hits, 0 errors, 0 left on base; Detroit (APP) 2 - Seattle (APP) 0
TOP OF THE 6TH
Detroit (APP) Tigers batting - Pitching for Seattle (APP) Mariners : LHP Ramiro Aguilar
Batting: RHB Alex Duarte 0-0: Called Strike
0-1: Foul Ball, location: 2F
0-2: Ball
1-2: Strikes out swinging
Batting: RHB Nate Dabney 0-0: Foul Ball, location: 2F
0-1: Ground out 1-3 (Groundball, 15, EV 70.6 MPH)
Batting: RHB Jamie Villagrana 0-0: Ball
1-0: Ball
2-0: SINGLE (Line Drive, 56D, EV 94.4 MPH)
Batting: RHB Jorge Lebron 0-0: Ball
1-0: Ball
2-0: Called Strike
2-1: Fielders Choice at 2nd, 4-6 (Groundball, 6M, EV 100.6 MPH)
Top of the 6th over - 0 runs, 1 hit, 0 errors, 1 left on base; Detroit (APP) 2 - Seattle (APP) 0
BOTTOM OF THE 6TH
Seattle (APP) Mariners batting - Pitching for Detroit (APP) Tigers : RHP Cam Hurley
Pitching: RHP Marshall Laurence
Batting: RHB Carlton McDonald 0-0: Ball
1-0: SINGLE (Groundball, 34D, EV 110.0 MPH)
Batting: RHB Caleb Dean 0-0: Called Strike
0-1: Ball
1-1: Ball
2-1: Foul Ball, location: 2F
2-2: Foul Ball, location: 2F
2-2: Foul Ball, location: 2F
2-2: DOUBLE (Line Drive, 8LXD, EV 105.0 MPH)
Carlton McDonald to third
Batting: LHB William Gonzales 0-0: Ball
1-0: Foul Ball, location: 2F
1-1: Ball
2-1: Ball
3-1: Foul Ball, location: 2F
3-2: Foul Ball, location: 2F
3-2: Strikes out looking
Batting: RHB Eddie Luna 0-0: Ball
1-0: Ball
2-0: Foul Ball, location: 2F
2-1: Ball
3-1: Foul Ball, location: 2F
3-2: Base on Balls
Pinch Hitting: LHB Yoshihisa Kobayashi 0-0: Ball
1-0: Foul Ball, location: 2F
1-1: Fielders Choice at 2nd, 6-4 (Groundball, 6M, EV 95.6 MPH)
Carlton McDonald scores
Caleb Dean to third
Batting: RHB Victor Rosas 0-0: Ball
1-0: Ball
2-0: Ball
3-0: Base on Balls
Yoshihisa Kobayashi to second
Batting: RHB Steve Carmichael 0-0: Ball
1-0: Foul Ball, location: 2F
1-1: SINGLE (Groundball, 4D, EV 103.1 MPH)
Caleb Dean scores
Yoshihisa Kobayashi to third
Victor Rosas to second
Runner from 3rd tries for Home, throw by CF and OUT! 8-2
Bottom of the 6th over - 2 runs, 3 hits, 0 errors, 2 left on base; Detroit (APP) 2 - Seattle (APP) 2
TOP OF THE 7TH
Detroit (APP) Tigers batting - Pitching for Seattle (APP) Mariners : LHP Ramiro Aguilar
Now at 3B: Yoshihisa Kobayashi
Batting: RHB Willie Ochoa 0-0: Called Strike
0-1: Ball
1-1: Ground out U3 (Groundball, 3L, EV 95.0 MPH)
Pitching: RHP Yen-nien Luo
Batting: RHB Cody Kafer 0-0: Foul Ball, location: 2F
0-1: Ball
1-1: Called Strike
1-2: Foul Ball, location: 2F
1-2: Strikes out swinging
Batting: RHB Peter Jones 0-0: Called Strike
0-1: Foul Ball, location: 2F
0-2: Strikes out looking
Top of the 7th over - 0 runs, 0 hits, 0 errors, 0 left on base; Detroit (APP) 2 - Seattle (APP) 2
BOTTOM OF THE 7TH
Seattle (APP) Mariners batting - Pitching for Detroit (APP) Tigers : RHP Marshall Laurence
Batting: LHB Garrett Dodge 0-0: Ball
1-0: Ball
2-0: Called Strike
2-1: Hit by Pitch
Pitching: RHP Victor Altagracia
Batting: LHB Ryan Daniels 0-0: DOUBLE (Groundball, 3L, EV 107.5 MPH)
Garrett Dodge to third
Runner from 3rd tries for Home, SAFE, throw by RF to trailing runner, OUT at third! 9-3-5
Batting: RHB Carlton McDonald 0-0: Ball
1-0: Ground out 4-3 (Groundball, 4, EV 98.8 MPH)
Batting: RHB Caleb Dean 0-0: Ball
1-0: Ball
2-0: Swinging Strike
2-1: Ball
3-1: Swinging Strike
3-2: SOLO HOME RUN (Flyball, 8LXD, EV 115.0 MPH), Distance : 453 ft
Batting: LHB William Gonzales 0-0: Foul Ball, location: 2F
0-1: Ball
1-1: Swinging Strike
1-2: Ball
2-2: Foul Ball, location: 2F
2-2: Foul Ball, location: 2F
2-2: Strikes out looking
Bottom of the 7th over - 2 runs, 2 hits, 0 errors, 0 left on base; Detroit (APP) 2 - Seattle (APP) 4
TOP OF THE 8TH
Detroit (APP) Tigers batting - Pitching for Seattle (APP) Mariners : RHP Yen-nien Luo
Pinch Hitting: LHB Brad Gaskill 0-0: Swinging Strike
0-1: Foul Ball, location: 2F
0-2: Ball
1-2: Strikes out swinging
Batting: RHB Kevin Steed 0-0: Ball
1-0: Foul Ball, location: 2F
1-1: Ball
2-1: Ball
3-1: Foul Ball, location: 2F
3-2: SINGLE (Line Drive, 9S, EV 106.9 MPH)
Batting: RHB Alex Duarte 0-0: Called Strike
0-1: Called Strike
0-2: Foul Ball, location: 2F
0-2: Strikes out looking
Batting: RHB Nate Dabney 0-0: Foul Ball, location: 2F
0-1: Ball
1-1: Ball
2-1: Foul Ball, location: 2F
2-2: Strikes out swinging
Top of the 8th over - 0 runs, 1 hit, 0 errors, 1 left on base; Detroit (APP) 2 - Seattle (APP) 4
BOTTOM OF THE 8TH
Seattle (APP) Mariners batting - Pitching for Detroit (APP) Tigers : RHP Victor Altagracia
Now at 1B: Brad Gaskill
Batting: RHB Eddie Luna 0-0: Ball
1-0: Ball
2-0: Ball
3-0: Base on Balls
Batting: LHB Yoshihisa Kobayashi 0-0: Called Strike
0-1: Ball
Eddie Luna steals 2nd base
1-1: Intentional Walk
Batting: RHB Victor Rosas 0-0: Foul Ball, location: 2F
0-1: Ball
1-1: Foul Ball, location: 2F
1-2: SINGLE (Line Drive, 78S, EV 90.0 MPH)
Eddie Luna to third
Yoshihisa Kobayashi to second
Batting: RHB Steve Carmichael 0-0: Ball
1-0: Foul Ball, location: 2F
1-1: Grounds into double play, 1-2-3 (Groundball, P, EV 74.4 MPH)
Yoshihisa Kobayashi to third
Victor Rosas to second
Pitching: RHP Edwin Torres
Batting: LHB Garrett Dodge 0-0: Called Strike
0-1: Foul Ball, location: 2F
0-2: Strikes out swinging
Bottom of the 8th over - 0 runs, 1 hit, 0 errors, 2 left on base; Detroit (APP) 2 - Seattle (APP) 4
TOP OF THE 9TH
Detroit (APP) Tigers batting - Pitching for Seattle (APP) Mariners : RHP Yen-nien Luo
Batting: RHB Jamie Villagrana 0-0: Ground out 4-3 (Groundball, 34, EV 100.6 MPH)
Batting: RHB Jorge Lebron 0-0: Swinging Strike
0-1: Ball
1-1: Foul Ball, location: 2F
1-2: Foul Ball, location: 2F
1-2: Strikes out swinging
Batting: RHB Willie Ochoa 0-0: Called Strike
0-1: Foul Ball, location: 2F
0-2: Foul Ball, location: 2F
0-2: Ball
1-2: Foul Ball, location: 2F
1-2: SOLO HOME RUN (Flyball, 7LD, EV 91.9 MPH), Distance : 327 ft
Batting: RHB Cody Kafer 0-0: Called Strike
0-1: Ball
1-1: SOLO HOME RUN (Line Drive, 7D, EV 98.8 MPH), Distance : 387 ft
Pitching: RHP Ross Hallock
Batting: LHB Glen Boyle 0-0: Foul Ball, location: 2F
0-1: Foul Ball, location: 2F
0-2: Ground out 6-3 (Groundball, 6, EV 103.1 MPH)
Top of the 9th over - 2 runs, 2 hits, 0 errors, 0 left on base; Detroit (APP) 4 - Seattle (APP) 4
BOTTOM OF THE 9TH
Seattle (APP) Mariners batting - Pitching for Detroit (APP) Tigers : RHP Edwin Torres
Batting: LHB Ryan Daniels 0-0: Called Strike
0-1: Ball
1-1: Swinging Strike
1-2: Strikes out looking
Batting: RHB Carlton McDonald 0-0: SINGLE (Groundball, 25, EV 63.1 MPH) (infield hit)
Batting: RHB Caleb Dean 0-0: Called Strike
0-1: Grounds into double play, 6-4-3 (Groundball, 6, EV 110.6 MPH)
Bottom of the 9th over - 0 runs, 1 hit, 0 errors, 0 left on base; Detroit (APP) 4 - Seattle (APP) 4
TOP OF THE 10TH
Detroit (APP) Tigers batting - Pitching for Seattle (APP) Mariners : RHP Ross Hallock
Batting: LHB Brad Gaskill 0-0: Foul Ball, location: 2F
0-1: Ball
1-1: Swinging Strike
1-2: Strikes out swinging
Batting: RHB Kevin Steed 0-0: Ball
1-0: Ball
2-0: Ball
3-0: Base on Balls
Batting: RHB Alex Duarte 0-0: Called Strike
0-1: Swinging Strike
0-2: Foul Ball, location: 2F
0-2: Ball
1-2: Foul Ball, location: 2F
1-2: Strikes out swinging
Pitching: RHP Domingo Maldonado
Batting: RHB Nate Dabney 0-0: Ball
1-0: Called Strike
1-1: Ball
2-1: Foul Ball, location: 2F
2-2: SINGLE (Groundball, 34D, EV 103.8 MPH)
Kevin Steed to second
Runner from 2nd tries for 3rd, SAFE, throw by RF made to third
Batting: RHB Jamie Villagrana 0-0: Called Strike
0-1: Ball
1-1: Swinging Strike
1-2: Ball
2-2: Ball
3-2: Fly out, F8 (Line Drive, 8RM, EV 94.4 MPH)
Top of the 10th over - 0 runs, 1 hit, 0 errors, 2 left on base; Detroit (APP) 4 - Seattle (APP) 4
BOTTOM OF THE 10TH
Seattle (APP) Mariners batting - Pitching for Detroit (APP) Tigers : RHP Edwin Torres
Pitching: RHP Malcolm Holz
Batting: LHB William Gonzales 0-0: Called Strike
0-1: Swinging Strike
0-2: Foul Ball, location: 2F
0-2: Ball
1-2: Ball
2-2: Ball
3-2: SOLO HOME RUN (Flyball, 7D, EV 98.1 MPH), Distance : 378 ft
Bottom of the 10th over - 1 run, 1 hit, 0 errors, 0 left on base; Detroit (APP) 4 - Seattle (APP) 5
Sunday, July 16th , 2023 - OOTP Baseball 24.6 Build 69